 Dungeon Crawl Stone Soup version 0.14-a0-836-g5210f43 (webtiles) character file.

136 4tharraofdagon the Chucker (level 4, -6/44 HPs)
             Began as an Ogre Hunter on Nov 12, 2013.
             Mangled by a killer bee (10 damage)
             ... on Level 6 of the Dungeon.
             The game lasted 00:04:37 (683 turns).

4tharraofdagon the Chucker (Ogre Hunter)             Turns: 683, Time: 00:04:38

HP  -6/44        AC  0     Str 18      XL: 4   Next: 18%
MP   3/3         EV 14     Int 10      God:
Gold 69          SH  0     Dex 10      Spells:  0 memorised,  3 levels left

Res.Fire  : . . .   See Invis. : .   r - melded +0 orc flail
Res.Cold  : . . .   Warding    : .   d - melded +0 animal skin
Life Prot.: . . .   Conserve   : .   (shield currently unavailable)
Res.Poison: .       Res.Corr.  : .   (helmet currently unavailable)
Res.Elec. : .       Clarity    : .   (cloak currently unavailable)
Sust.Abil.: . .     Spirit.Shd : .   (gloves unavailable)
Res.Mut.  : .       Stasis     : .   (boots unavailable)
Res.Rott. : .       Flight     : .   (no amulet)
Saprovore : + . .                    (ring currently unavailable)
                                     (ring currently unavailable)

@: pig-form, very quick, slightly resistant to hostile enchantments, unstealthy
A: unfitting armour, (antennae 0), fast metabolism 1, saprovore 1, (tough skin
0)
a: no special abilities


You were on level 6 of the Dungeon.
You were not hungry.
You were a filthy swine.
You visited 1 branch of the dungeon, and saw 6 of its levels.

You collected 69 gold pieces.

Inventory:

Hand weapons
 a - a +1,+1 club
 r - a +0,+0 orcish flail (melded)
Missiles
 b - a throwing net [frayed]
 c - a throwing net
 q - a large rock (quivered)
Armour
 d - a +0 animal skin (melded)
Magical devices
 m - a wand of polymorph (2)
Comestibles
 f - 3 meat rations
 g - a banana
 h - 2 bread rations
 l - a pear
 n - an apricot
Scrolls
 e - 2 scrolls of identify
 i - a scroll of curse armour
Potions
 j - a potion of brilliance
 o - 2 potions of restore abilities {unknown}
 s - a potion of invisibility {unknown}


   Skills:
 + Level 3.9 Fighting
 * Level 4.2 Maces & Flails
 - Level 4.3 Throwing
 - Level 1.7 Dodging
 - Level 0.7 Stealth


You had 3 spell levels left.
You didn't know any spells.

Dungeon Overview and Level Annotations

Branches:
Dungeon (6/16)
 Temple: D:4-7          Orc: D:6-11

Altars:
Cheibriados


Innate Abilities, Weirdness & Mutations

You are too large for most types of armour.
You have a fast metabolism.
You can tolerate rotten meat.
((You have tough skin (AC +1).))*
((You have a pair of small antennae on your head.))*


Message History

Evoke which item? (* to show all) (? for menu, Esc to quit)
That item cannot be evoked!
Unknown command.
Evoke which item? (* to show all) (? for menu, Esc to quit)
Zapping:
m - a wand of polymorph {zapped: 12}
Press: ? - help, Shift-Dir - straight line, f - you Really target yourself?
You have been turned into a pig!
Your +0,+0 orcish flail melds into your body.
Your +0 animal skin melds into your body.
The killer bee closely misses you. The killer bee barely misses you.
An orc priest comes into view. It is wielding an orcish hand axe.
Unknown command.
Read which item? (? for menu, Esc to quit)
As you read the scroll labeled FREULO SMEOXEA, it crumbles to dust.
The scroll dissolves into smoke.
It was a scroll of fog.
The killer bee misses you. The killer bee stings you!
* * * LOW HITPOINT WARNING * * *
The killer bee misses you. The killer bee stings you!
You die...

..###.#..###.##.###..
..#.. .
#.##+###.##.###s
..... ..# #..........
l.... .#. ##.##.###.
#.. #. ##.##.###. #..
#.#####..# .... ##.
#......### ....#
#####.....k###§....#.
.l....l..wkkhk§...l..
.........#####§....#.
###.o.#.# .%..#
#...#.# .... #.. #k#
... ..k. ... . .. o..
o ###


You could see 4 killer bees.

Vanquished Creatures
  Terence (D:2)
  2 adders
  A giant eyeball (D:6)
  A giant gecko (D:2)
  An ooze (D:2)
  An orc (D:6)
  A ball python (D:6)
  3 bats
  3 goblins
  3 hobgoblins (D:1)
  A jackal (D:1)
  A quokka (D:6)
  5 giant newts
  2 kobolds (D:1)
  8 rats
34 creatures vanquished.

Notes
Turn   | Place    | Note
--------------------------------------------------------------
     0 | D:1      | 4tharraofdagon, the Ogre Hunter, began the quest for the Orb.
     0 | D:1      | Reached XP level 1. HP: 20/20 MP: 0/0
   174 | D:1      | Reached XP level 2. HP: 22/28 MP: 1/1
   314 | D:1      | Gained mutation: You have a very fast metabolism. [potion of mutation]
   314 | D:1      | Lost mutation: You have a very fast metabolism. [potion of mutation]
   314 | D:1      | Gained mutation: You have a pair of small antennae on your head. [potion of mutation]
   352 | D:2      | Noticed an elephant slug
   353 | D:2      | Found a snail-covered altar of Cheibriados.
   353 | D:2      | Noticed an elephant slug
   354 | D:2      | Reached XP level 3. HP: 15/36 MP: 2/2
   387 | D:2      | Noticed Terence
   399 | D:2      | Killed Terence
   460 | D:2      | Noticed an elephant slug
   499 | D:5      | Entered Level 5 of the Dungeon
   540 | D:5      | Reached XP level 4. HP: 28/44 MP: 3/3
   639 | D:6      | Paralysed by a giant eyeball for 3 turns
   683 | D:6      | Mangled by a killer bee

Action                   |  1- 3 |  4- 6 || total
-------------------------+-------+-------++-------
Melee: Club              |    78 |    11 ||    89
       Unarmed           |     5 |       ||     5
       Flail             |       |     4 ||     4
Throw: Large rock        |     9 |     2 ||    11
       Throwing net      |       |     1 ||     1
Evoke: Wand              |       |     1 ||     1
  Use: Potion            |     3 |       ||     3
       Scroll            |       |     3 ||     3
 Stab: Sleeping          |     1 |       ||     1
